 Dungeon Crawl Stone Soup version 0.21.1-1-g345015f (webtiles) character file.

321 goulibeur the Distorting Demonspawn (level 6, -1/48 HPs)
             Began as a Demonspawn Abyssal Knight on July 15, 2018.
             Was a Believer of Lugonu.
             Slain by an ogre
             ... wielding a +0 giant club
              (12 damage)
             ... on level 4 of the Dungeon.
             The game lasted 00:08:56 (4171 turns).

goulibeur the Distorting Demonspawn (DsAK)          Turns: 4171, Time: 00:08:56

Health: -1/48      AC: 10    Str: 12    XL:     6   Next: 22%
Magic:  10/10      EV:  8    Int: 13    God:    Lugonu [**....]
Gold:   252        SH:  0    Dex: 15    Spells: 5/5 levels left

rFire    + . .     SeeInvis .   a - +1 short sword
rCold    . . .     Gourm    .   (no shield)
rNeg     . . .     Faith    .   q - +0 chain mail
rPois    .         Spirit   .   (helmet restricted)
rElec    .         Reflect  .   (no cloak)
rCorr    .         Harm     .   l - +0 pair of gloves
MR       .....                  (no boots)
Stlth    ..........             (no amulet)
HPRegen  0.16/turn              (no ring)
MPRegen  0.12/turn              (no ring)

@: no status effects
A: horns 2, repulsion field 1, fire resistance 1
a: Depart the Abyss, Bend Space, Renounce Religion


You were on level 4 of the Dungeon.
You worshipped Lugonu.
Lugonu was pleased with you.
You were not hungry.

You visited 1 branch of the dungeon, and saw 4 of its levels.
You visited the Abyss 1 time.

You collected 252 gold pieces.

Inventory:

Hand Weapons
 a - a +1 short sword (weapon)
Armour
 b - a +0 leather armour
 e - a +0 scale mail
 j - a +0 plate armour
 l - a +0 pair of gloves (worn)
 q - a +0 chain mail (worn)
Jewellery
 h - an uncursed ring of magical power {unknown}
Scrolls
 d - 4 scrolls of identify {unknown}
 f - a scroll of immolation {unknown}
 k - a scroll of teleportation {unknown}
 m - 2 scrolls of amnesia {unknown}
 r - a scroll of noise {unknown}
Potions
 g - a potion of lignification {unknown}
 i - a potion of flight {unknown}
 n - a potion of berserk rage {unknown}
 p - 2 potions of curing {unknown}
Comestibles
 c - 8 rations
 o - 8 chunks of flesh


   Skills:
 + Level 4.1 Fighting
 - Level 1.7 Short Blades
 + Level 3.0 Armour
 + Level 2.5 Dodging
 * Level 5.7 Invocations


You had 5 spell levels left.
You didn't know any spells.

Dungeon Overview and Level Annotations

Branches:
Dungeon (4/15)
 Temple: D:4-7

Altars:
Uskayaw


Innate Abilities, Weirdness & Mutations

You have a pair of horns on your head.
You are surrounded by a mild repulsion field. (EV +2)
Your flesh is heat resistant. (rF+)


Message History

The ogre is heavily wounded.
You closely miss the ogre.
The ogre is heavily wounded.
The ogre hits you with a giant club!
You hit the ogre. Your headbutt misses the ogre.
The ogre is severely wounded.
The ogre closely misses you.
You hit the ogre but do no damage.
The ogre is severely wounded.
The ogre hits you with a giant club.
You closely miss the ogre.
The ogre is severely wounded.
The ogre hits you with a giant club!!
* * * LOW HITPOINT WARNING * * *
You hit the ogre. You headbutt the ogre.
The ogre is severely wounded.
Your chain mail prevents you from hitting the ogre.
The ogre is severely wounded.
The ogre hits you with a giant club!
You die...

##........>..
#............
###............
.......=.......
...............
.........$.....
...............
.......@O......
##.##..)..#....
####.## # .# .#
.+ ##


You could see an ogre.

Vanquished Creatures
  2 orc priests (D:3)
  A centaur skeleton (D:4)
  2 orc wizards (D:3)
  4 adders
  4 gnolls (D:2)
  4 worms
  4 dart slugs
  3 leopard geckos
  9 orcs
  6 bats
  2 giant cockroaches
  11 goblins
  7 hobgoblins
  10 kobolds
  A quokka (D:3)
  8 frilled lizards
  7 rats
85 creatures vanquished.

Notes
Turn   | Place    | Note
-------+----------+-------------------------------------------
     0 | Abyss:1  | goulibeur the Demonspawn Abyssal Knight began the quest for the Orb.
     0 | Abyss:1  | Reached XP level 1. HP: 18/18 MP: 2/2
    41 | Abyss:1  | Noticed a large abomination
    41 | D:1      | Escaped the Abyss
   273 | D:1      | Reached skill level 1 in Dodging
   297 | D:1      | Gained mutation: Your flesh is heat resistant. (rF+) [demonic ancestry]
   297 | D:1      | Reached XP level 2. HP: 9/24 MP: 4/4
   521 | D:1      | Reached skill level 3 in Invocations
   701 | D:1      | Reached * piety under Lugonu
  1069 | D:1      | Gained mutation: You have a pair of small horns on your head. [demonic ancestry]
  1069 | D:1      | Reached XP level 3. HP: 29/29 MP: 5/5
  1694 | D:2      | Reached skill level 4 in Invocations
  1694 | D:2      | Gained mutation: You have a pair of horns on your head. [demonic ancestry]
  1694 | D:2      | Reached XP level 4. HP: 30/35 MP: 5/7
  2109 | D:2      | Reached ** piety under Lugonu
  2861 | D:3      | Gained mutation: You are surrounded by a mild repulsion field. (EV +2) [demonic ancestry]
  2861 | D:3      | Reached XP level 5. HP: 40/42 MP: 8/8
  3071 | D:3      | Reached skill level 5 in Invocations
  3330 | D:3      | Found a hide-covered altar of Uskayaw.
  3677 | D:4      | Noticed an ogre
  3714 | D:3      | Reached XP level 6. HP: 31/48 MP: 10/10
  4171 | D:4      | Slain by an ogre

Skill      XL: |  1  2  3  4  5 |
---------------+----------------+-----
Dodging        | 1 2 |  2.5
Invocations    | 3 4 5 |  5.7
Armour         | 2 3 |  3.0
Fighting       | 4 |  4.1
Short Blades   | |  1.7

Action                   |  1- 3 |  4- 6 || total
-------------------------+-------+-------++-------
Melee: Short sword       |   149 |   200 ||   349
       Headbutt          |     4 |    32 ||    36
Invok: Depart the Abyss  |     1 |       ||     1
 Stab: Sleeping          |     2 |       ||     2
  Eat: Chunk             |     2 |     5 ||     7
       Ration            |       |     1 ||     1
Armor: Leather armour    |     6 |       ||     6
       Scale mail        |    30 |       ||    30
       Plate armour      |    16 |   118 ||   134
       Chain mail        |       |    35 ||    35
Dodge: Dodged            |    63 |    66 ||   129
